 Dungeon Crawl Stone Soup version 0.20-a0-673-g53087c7 (webtiles) character file.

61856 MirrMurr the Whirler (level 14, 0/70 HPs)
             Began as a Spriggan Berserker on Feb 18, 2017.
             Was a High Priest of Trog.
             Succumbed to loom's ghost's poison
             ... on level 1 of the Orcish Mines.
             The game lasted 01:29:04 (31207 turns).

MirrMurr the Whirler (Spriggan Berserker)          Turns: 31207, Time: 01:29:05

Health: 0/70       AC:  6    Str: 14    XL:     14   Next: 62%
Magic:  24/24      EV: 28    Int:  8    God:    Trog [*****.]
Gold:   1776       SH: 12    Dex: 21    Spells: 13/13 levels left

rFire    + . .     SeeInvis +   b - +1 dagger (protect)
rCold    . . .     Gourm    .   A - +0 robe {rN+}
rNeg     + . .     Faith    .   W - +2 buckler {AC+3}
rPois    .         Spirit   .   (helmet restricted)
rElec    .         Reflect  +   (no cloak)
rCorr    +         Harm     .   (gloves unavailable)
MR       ++++.                  (boots unavailable)
Stlth    +++++++...             y - +4 amulet of reflection
Regen    1.3/turn               Y - ring of resist corrosion
MPRegen  0.2/turn               X - ring of the Octopus King {rF+ AC+1 EV+1 Str+1 Int+1 Dex+1}

@: lethally poisoned (0 -> -21), exhausted, regenerating, slowed, quick
A: unfitting armour, see invisible, dopey 1, herbivore 3, speed 3, slow
metabolism 2
a: Berserk, Trog's Hand, Brothers in Arms, Burn Spellbooks, Renounce Religion


You were on level 1 of the Orcish Mines.
You worshipped Trog.
Trog was extremely pleased with you.
You were not hungry.

You visited 3 branches of the dungeon, and saw 19 of its levels.
You also visited: Labyrinth and Sewer.

You collected 1776 gold pieces.

Inventory:

Hand Weapons
 a - a +7 hunting sling of velocity
 b - a +1 dagger of protection (weapon)
 h - a +4 hunting sling of freezing
 w - a +1 blowgun
Missiles
 d - 84 poisoned needles
 e - 93 stones (quivered)
 u - a sling bullet
Armour
 A - a +0 robe of positive energy (worn)
 W - a +2 buckler of protection (worn)
Jewellery
 j - an uncursed ring of ice
 n - an uncursed ring of protection from magic
 y - a +4 amulet of reflection (around neck)
 K - an uncursed ring of protection from fire
 X - a ring of the Octopus King (left hand) {rF+ AC+1 EV+1 Str+1 Int+1 Dex+1}
   (You found it on level 6 of the Lair of Beasts)

   [ring of protection from fire]

   It affects your AC (+1).
   It affects your evasion (+1).
   It affects your strength (+1).
   It affects your intelligence (+1).
   It affects your dexterity (+1).
   It protects you from fire.
 Y - a ring of resist corrosion (right hand)
Wands
 m - a wand of paralysis (13/24)
 B - a wand of flame (32/48)
 D - a wand of confusion (22/48)
 E - a wand of clouds (0/9)
 G - a wand of lightning (15/15)
 H - a wand of clouds (0/9)
 L - a wand of disintegration (12/24)
 M - a wand of digging (16/24)
 N - a wand of polymorph (15/24)
 O - a wand of flame (17/48)
 P - a wand of flame (29/48)
 S - a wand of lightning (10/15)
 V - a wand of enslavement (5/24)
Scrolls
 o - 4 scrolls of fog
 q - 2 scrolls of magic mapping
 r - 12 scrolls of remove curse
 v - 3 scrolls of blinking
 C - 5 scrolls of teleportation
 F - a scroll of fear
 Q - 2 scrolls of brand weapon
 T - a scroll of enchant weapon
Potions
 g - 9 potions of curing
 k - a potion of cancellation
 p - 2 potions of agility
 s - 6 potions of flight
 t - 5 potions of heal wounds
 x - 2 potions of haste
 z - 6 potions of might
 J - a potion of berserk rage
Comestibles
 c - 10 bread rations
 f - 10 royal jellies
 l - 11 fruits


   Skills:
 + Level 6.6 Fighting
 - Level 10.8 Short Blades
 - Level 17.8 Slings
 - Level 1.0(10.3) Throwing
 - Level 10.1 Dodging
 - Level 17.1 Stealth
 - Level 13.3 Evocations


You had 13 spell levels left.
You didn't know any spells.

Dungeon Overview and Level Annotations

Branches:
Dungeon (11/15)            Temple (0/1) D:5            Lair (6/6) D:11
 Shoals (0/4) Lair:3       Spider (0/4) Lair:3        Slime (0/5) Lair:5
    Orc (2/2) D:9
    Elf: Orc:2

Altars:
Fedhas
Hepliaklqana

Shops:
Orc:2 ([

Annotations:
D:8 exclusion: 2 oklob saplings
Lair:1 cool blades
Orc:2 WhatIsLove's ghost, journeyman TeAE; loom's ghost, journeyman MiBe


Innate Abilities, Weirdness & Mutations

You are very small and have problems with some larger weapons.
You are too small for most types of armour.
You have supernaturally acute eyesight. (SInv)
You are a herbivore.
You cover ground extremely quickly.
You need consume almost no food.
You are dopey. (Int -2)


Message History

The orange demon disappears in a puff of smoke!
You feel sick.
You feel very sick. Loom's ghost hits you!!
* * * LOW HITPOINT WARNING * * *
You are more poisoned.
You climb upwards.
You feel a strong urge to attack something.
You are no longer berserk.
You are exhausted.
You feel yourself slow down.
* * * LOW HITPOINT WARNING * * *
You feel very sick.
There is a stone staircase leading down here.
Your skin crawls.
You feel resistant to hostile enchantments.
You feel somewhat more hungry.
* * * LOW HITPOINT WARNING * * *
You feel extremely sick.
You die...

##.#..##....#..)...##
##...#.#....[....##
##......#[##.#.#.####
#..........##.....#.##
##.^#............#...#
###.............#...##
##............^.[[.#
###...[......#....#
###.#.@......####.##
####....[.[....##.##.##
##.#...........#.......####
#......................##..
#####.........................
##.####........................
#.....#....#.##...........##.##
##........########.#...#.#####
###..#..## ####..###


There were no monsters in sight!

Vanquished Creatures
  An ettin (Orc:1)
  A minotaur (Lab)
  4 hydras
  A catoblepas (Lair:3)
  Erica (D:8)
  A merfolk avatar (Lair:6)
  3 two-headed ogres
  2 orc high priests
  A sea snake (Lair:6)
  An unseen horror (D:10)
  A harpy (Lair:6)
  A manticore (D:11)
  3 orc sorcerers (Orc:1)
  3 ugly things
  A centaur zombie (D:10)
  5 black mambas
  17 spiny frogs
  22 elephants
  Joseph (D:8)
  4 rime drakes
  3 komodo dragons
  3 jumping spiders (Lair:3)
  3 trolls
  2 wind drakes
  Grinder (D:5)
  6 polar bears
  11 dream sheep (Lair:5)
  3 hornets
  27 blink frogs
  11 hippogriffs
  29 yaks
  3 redbacks (Lair:3)
  2 spriggans
  2 shadows (Lab)
  Sigmund (D:3)
  Grum (D:11)
  2 wyverns
  4 basilisks
  A hungry ghost (D:10)
  2 wargs
  13 water moccasins
  7 porcupines
  4 ice beasts
  2 sky beasts
  16 orc warriors
  3 black bears
  A necrophage (D:6)
  4 ogres
  4 centaurs
  23 crocodiles
  11 wolves
  A big kobold (Sewer)
  17 bullfrogs
  A gnoll sergeant (D:9)
  A water moccasin zombie (D:8)
  4 scorpions
  A water moccasin skeleton (D:4)
  6 killer bees
  2 troll skeletons (Lab)
  4 howler monkeys
  6 crimson imps
  4 hounds
  6 jellies
  A quasit (D:5)
  Crazy Yiuf (D:3)
  A centaur skeleton (D:8)
  14 orc priests
  Ijyb (D:3)
  Natasha (twice) (D:2 D:4)
  Terence (D:2)
  5 iguanas
  8 worker ants
  2 bullfrog skeletons
  12 orc wizards
  A killer bee zombie (D:7)
  2 ogre skeletons (Lab)
  2 howler monkey zombies
  8 gnolls
  22 adders
  2 river rats
  3 oozes (Lair:5)
  An adder skeleton (D:4)
  2 worms
  5 dart slugs
  7 leopard geckos
  56 orcs
  9 ball pythons
  12 giant cockroaches
  9 goblins
  7 hobgoblins
  5 jackals
  A quokka (D:5)
  7 bats
  12 frilled lizards
  11 kobolds
  2 quokka skeletons
  13 rats
  2 fungi
  A plant (Lair:6)
582 creatures vanquished.

Vanquished Creatures (collateral kills)
  A harpy (Lair:5)
  A hornet (Lair:5)
2 creatures vanquished.

Vanquished Creatures (others)
  A manticore (Lair:3)
  18 fungi
  13 plants
32 creatures vanquished.

Grand Total: 616 creatures vanquished

Notes
Turn   | Place    | Note
-------+----------+-------------------------------------------
     0 | D:1      | MirrMurr the Spriggan Berserker began the quest for the Orb.
     0 | D:1      | Reached XP level 1. HP: 11/11 MP: 2/2
    40 | D:1      | Reached skill level 1 in Stealth
   102 | D:1      | Reached XP level 2. HP: 11/16 MP: 3/3
   105 | D:1      | Reached skill level 1 in Throwing
   492 | D:1      | Reached skill level 1 in Slings
   658 | D:1      | Reached XP level 3. HP: 14/19 MP: 4/4
   957 | D:2      | Reached ** piety under Trog
   984 | D:2      | Noticed Natasha
   996 | D:2      | Killed Natasha
   996 | D:2      | Reached XP level 4. HP: 6/23 MP: 5/5
  1580 | D:2      | Noticed Terence
  1684 | D:2      | Killed Terence
  2264 | D:2      | Reached XP level 5. HP: 14/28 MP: 6/6
  2888 | D:3      | Noticed Ijyb
  2910 | D:3      | Killed Ijyb
  3219 | D:3      | Found a glowing drain.
  3226 | Sewer    | Entered a sewer
  3537 | Sewer    | Reached skill level 5 in Slings
  3537 | Sewer    | Reached XP level 6. HP: 32/32 MP: 7/7
  3588 | Sewer    | Found a white marble altar of Elyvilon.
  3703 | D:3      | Noticed Sigmund
  3837 | D:3      | Killed Sigmund
  4312 | D:3      | Found a runed door.
  4362 | D:3      | Reached XP level 7. HP: 37/37 MP: 8/8
  4438 | D:3      | Noticed Crazy Yiuf
  4515 | D:3      | Killed Crazy Yiuf
  4515 | D:3      | Reached skill level 5 in Stealth
  4864 | D:4      | Reached *** piety under Trog
  5329 | D:4      | Noticed Natasha
  5368 | D:4      | Killed Natasha
  5818 | D:5      | Entered Level 5 of the Dungeon
  5994 | D:5      | Reached XP level 8. HP: 42/42 MP: 9/9
  6554 | D:5      | Reached **** piety under Trog
  6675 | D:5      | Found a staircase to the Ecumenical Temple.
  6871 | D:6      | Reached skill level 5 in Fighting
  7473 | D:6      | Noticed Grinder
  7811 | D:5      | Killed Grinder
  7811 | D:5      | Reached skill level 10 in Slings
  7811 | D:5      | Reached XP level 9. HP: 47/47 MP: 10/10
  9232 | D:7      | Reached skill level 5 in Short Blades
  9248 | D:7      | Reached skill level 10 in Stealth
  9564 | D:8      | Noticed a two-headed ogre
  9660 | D:8      | Killed a two-headed ogre
  9758 | D:8      | Noticed Joseph
  9768 | D:8      | Killed Joseph
  9768 | D:8      | Reached XP level 10. HP: 51/51 MP: 11/11
  9851 | D:8      | Noticed a two-headed ogre
  9906 | D:8      | Killed a two-headed ogre
 10623 | D:8      | Found a blossoming altar of Fedhas.
 10660 | D:8      | Noticed Erica
 10705 | D:8      | Killed Erica
 11925 | D:9      | Received a gift from Trog
 12610 | D:9      | Found a staircase to the Orcish Mines.
 12674 | D:10     | Entered Level 10 of the Dungeon
 13005 | D:10     | Reached XP level 11. HP: 55/55 MP: 12/12
 13242 | D:10     | Noticed an unseen horror
 13260 | D:10     | Killed an unseen horror
 13598 | D:10     | Noticed a two-headed ogre
 13628 | D:10     | Killed a two-headed ogre
 13748 | D:10     | Reached ***** piety under Trog
 14319 | D:11     | Noticed a red ugly thing
 14430 | D:10     | Killed a red ugly thing
 15252 | D:11     | Received a gift from Trog
 15388 | D:11     | Noticed Grum
 15418 | D:11     | Killed Grum
 15684 | D:11     | Noticed a cyan ugly thing
 15687 | D:11     | Noticed a white ugly thing
 15736 | D:11     | Killed a white ugly thing
 15868 | D:11     | Reached skill level 15 in Slings
 16060 | D:11     | Killed a purple ugly thing
 16320 | D:11     | Found a staircase to the Lair.
 16326 | Lair:1   | Entered Level 1 of the Lair of Beasts
 16568 | Lair:1   | Found a labyrinth entrance.
 16598 | Lab      | Entered a labyrinth
 17176 | Lab      | Noticed a minotaur
 17179 | Lab      | Killed a minotaur
 17181 | Lab      | Got a scorched brass ring
 17183 | Lab      | Identified the ring of the Ageless Demons {rF+ rN+ Str-3 Stlth+} (You found it in a labyrinth)
 17186 | Lab      | Got a polished scimitar
 17186 | Lab      | Got a scorched demon blade
 17186 | Lab      | Got a steaming falchion
 17198 | Lab      | Identified the +6 scimitar of Proximity {slice, Int+2} (You found it in a labyrinth)
 17199 | Lab      | Identified the +7 demon blade of the Shore {elec, *Noise rF++ rC+ Dex+3} (You found it in a labyrinth)
 17200 | Lab      | Identified the +0 falchion "Gevvavamm" {elec, rF+ rN+ MR+} (You found it in a labyrinth)
 17457 | Lair:1   | Reached XP level 12. HP: 60/60 MP: 13/13
 18178 | Lair:2   | Noticed a seven-headed hydra
 18311 | Lair:2   | Found a hazy altar of Hepliaklqana.
 18895 | Lair:2   | Killed a seven-headed hydra
 18895 | Lair:2   | Reached skill level 15 in Stealth
 19137 | Lair:2   | Reached skill level 10 in Short Blades
 20456 | Lair:3   | Noticed a catoblepas
 20458 | Lair:3   | Killed a catoblepas
 20627 | Lair:3   | Noticed a five-headed hydra
 20630 | Lair:3   | Killed a five-headed hydra
 20821 | Lair:3   | Received a gift from Trog
 21044 | Lair:3   | Found a staircase to the Shoals.
 21159 | Lair:3   | Found a hole to the Spider Nest.
 21894 | Lair:4   | Reached skill level 5 in Dodging
 22072 | Lair:4   | Reached XP level 13. HP: 38/63 MP: 14/14
 24013 | Lair:5   | Found a staircase to the Slime Pits.
 24456 | Lair:5   | Reached skill level 10 in Dodging
 24774 | Lair:5   | Reached skill level 1 in Evocations
 24829 | Lair:6   | Entered Level 6 of the Lair of Beasts
 25419 | Lair:6   | Reached skill level 5 in Evocations
 26869 | Lair:6   | Reached XP level 14. HP: 22/68 MP: 22/22
 27154 | Lair:6   | Reached skill level 10 in Evocations
 28239 | Lair:6   | Reached ****** piety under Trog
 28427 | Lair:6   | Got a ring of the Octopus King
 28429 | Lair:6   | Identified a ring of the Octopus King {rF+ AC+1 EV+1 Str+1 Int+1 Dex+1} (You found it on level 6 of the Lair of Beasts)
 29102 | Lair:5   | Received a gift from Trog
 29388 | Orc:1    | Entered Level 1 of the Orcish Mines
 30226 | Orc:2    | Entered Level 2 of the Orcish Mines
 30237 | Orc:2    | Noticed an orc warlord
 30239 | Orc:2    | Noticed WhatIsLove's ghost (journeyman TeAE)
 30317 | Orc:2    | Found Lolaub's Antique Armour Boutique.
 30317 | Orc:2    | Found Puyriah's Antique Weapon Emporium.
 30658 | Orc:2    | Noticed loom's ghost (journeyman MiBe)
 30694 | Orc:2    | Gained mutation: You are dopey. (Int -2) [a neqoxec]
 31207 | Orc:1    | Succumbed to loom's ghost's poison

Vault maps used:
D:1:      tarquinn_simple_flora_water_f, serial_glass, glass_columns_a,
          glass_columns_c
D:2:      uniq_natasha, uniq_terence
D:3:      gup_sewer_entry_bubbles, eino_curves_01, uniq_iyjb, uniq_sigmund,
          uniq_crazy_yiuf_cottage
D:4:      minmay_opposing_rooms, first_bread, patterned_corridor
D:5:      temple_fountains
D:6:      uniq_grinder
D:8:      the_bakery, introduction_to_nature_1, uniq_joseph, uniq_erica
D:9:      david_orc_4
D:11:     lair_entry_dummy, uniq_grum
Lair:1:   lab_entry_generic
Lair:2:   basic_altar, beast_lair_carwin_1, lemuel_fruit_tree,
          grunt_megastairs_1
Lair:3:   minmay_shoals_entry_beasts, nicolae_spider_entry_tight_spaces,
          grunt_forest_large_clearing_hut
Lair:5:   nicolae_slime_entry_slimehenge
Lair:6:   gammafunk_lair_ancient_temple
Orc:2:    grunt_orc_gardens, grunt_orc_garden, grunt_orc_garden,
          grunt_orc_garden, grunt_orc_garden
Lab:      nicolae_lab_arrow, lab_statue, nicolae_lab_grate_2
Sewer:    sewer_kobolds

Skill      XL: |  1  2  3  4  5  6  7  8  9 10 11 12 13 14 |
---------------+-------------------------------------------+-----
Stealth        | 1 2 3 4 6 9 11 12 14 16 17 | 17.1
Throwing       | 1 |  1.0
Slings         | 1 2 3 5 6 7 10 12 13 15 17 | 17.8
Fighting       | 3 4 5 6 |  6.6
Short Blades   | 4 6 7 9 10 | 10.8
Dodging        | 5 10 | 10.1
Evocations     | 9 13 | 13.3

Action                   |  1- 3 |  4- 6 |  7- 9 | 10-12 | 13-15 || total
-------------------------+-------+-------+-------+-------+-------++-------
Melee: Short sword       |    39 |    73 |   150 |       |       ||   262
       Dagger            |       |       |     1 |   304 |   265 ||   570
 Fire: Hunting sling     |    80 |   260 |   507 |  1447 |  1292 ||  3586
       Blowgun           |       |    10 |       |    40 |       ||    50
Invok: Berserk           |       |     1 |     8 |    11 |     4 ||    24
       Trog's Hand       |       |     1 |     4 |     5 |     8 ||    18
       Burn Spellbooks   |       |       |     1 |     3 |     1 ||     5
       Brothers in Arms  |       |       |       |       |     1 ||     1
Evoke: Wand              |       |       |       |       |     4 ||     4
  Use: Scroll            |     1 |     6 |     7 |     9 |     6 ||    29
       Potion            |       |       |       |     1 |     1 ||     2
 Stab: Sleeping          |       |     3 |     1 |    18 |     1 ||    23
       Distracted        |       |       |       |     1 |       ||     1
  Eat: Bread ration      |       |     1 |     1 |     3 |     2 ||     7
       Royal jelly       |       |     1 |     1 |       |       ||     2
       Fruit             |       |       |       |     3 |     5 ||     8
Armor: Animal skin       |    10 |       |       |       |       ||    10
       Robe              |       |     9 |    10 |    41 |    15 ||    75
Dodge: Dodged            |    69 |   135 |   214 |   194 |   241 ||   853
Block: Other             |     4 |    28 |    45 |     4 |       ||    81
       Reflection        |       |     6 |       |     4 |     4 ||    14
       Buckler           |       |       |       |   154 |   174 ||   328
